 Dungeon Crawl Stone Soup version 0.28.0-62-gf88900778d (webtiles) character file.

Game seed: 11272043291928660230

1453 cbfl8 the Chopper (level 8, -4/105 HPs)
             Began as a Minotaur Fighter on Aug 26, 2023.
             Slain by an orc warrior
             ... wielding a +0 scimitar
              (14 damage)
             ... on level 6 of the Dungeon.
             The game lasted 00:09:07 (6865 turns).

cbfl8 the Chopper (Minotaur Fighter)                Turns: 6865, Time: 00:09:08

Health: -4/105     AC: 24    Str: 22    XL:     8   Next: 47%
Magic:  7/7        EV:  2    Int:  5    God:
Gold:   823        SH:  5    Dex: 11    Spells: 7/7 levels left

rFire   . . .      SeeInvis .   a - +0 war axe
rCold   . . .      Faith    .   c - +0 buckler
rNeg    . . .      Spirit   .   (armour currently unavailable)
rPois   +          Reflect  .   (helmet currently unavailable)
rElec   .          Harm     .   (cloak currently unavailable)
rCorr   +          Rampage  .   (gloves currently unavailable)
Will    .....      NoTele   +   (boots currently unavailable)
Stlth   +.........              (no amulet)
HPRegen 0.27/turn               p - ring of resist corrosion
MPRegen 0.10/turn               (no ring)

@: tree-form
A: stationary, stasis, torment immunity, boosted hp, (horns 2), (retaliatory
headbutt)
a: no special abilities


You were on level 6 of the Dungeon.
You were a tree.
You visited 1 branch of the dungeon, and saw 7 of its levels.

You collected 823 gold pieces.

Inventory:

Hand Weapons
 a - a +0 war axe (weapon)
Armour
 c - a +0 buckler (worn)
 j - a +2 pair of gloves (melded)
 m - a +0 chain mail (melded)
Jewellery
 p - a ring of resist corrosion (left branch)
Wands
 b - a wand of flame (27) (quivered)
Scrolls
 i - a scroll of fog {unknown}
 l - a scroll of enchant armour
 o - 3 scrolls of immolation
Potions
 d - a potion of resistance
 e - a potion of magic
 f - a potion of ambrosia {unknown}
 g - a potion of lignification
 h - a potion of might
 k - a potion of brilliance
 n - a potion of mutation {unknown}


   Skills:
 + Level 6.0 Fighting
 + Level 7.8 Axes
 + Level 6.9 Armour
 + Level 5.2 Shields
 * Level 4.0 Evocations


You had 7 spell levels left.
You didn't know any spells.
Your spell library was empty.

Dungeon Overview and Level Annotations

Branches:
Dungeon (7/15)
 Temple: D:4-7

Altars:
Cheibriados
Zin

Shops:
D:4 =

Annotations:
D:2 1 runed translucent door, Crazy Yiuf
D:5 Duvessa


Innate Abilities, Weirdness & Mutations

You are a tree.
Your roots penetrate the ground, keeping you stationary.
You cannot be teleported.
You are immune to unholy pain and torment.
Your maximum health is greatly increased.
Your equipment is partially melded.
((You have a pair of horns on your head.))
((You reflexively headbutt those who attack you in melee.))


Message History

You closely miss the orc warrior. Your headbutt misses the orc warrior.
The orc warrior is heavily wounded.
The orc warrior hits you with a +0 scimitar.
You block the orc warrior's attack.
You hit the orc warrior.
The orc warrior is severely wounded.
The orc warrior hits you with a +0 scimitar!
You hit the orc warrior. Your headbutt misses the orc warrior.
The orc warrior is severely wounded.
The orc warrior barely misses you.
You hit the orc warrior but do no damage.
You headbutt the orc warrior, but do no damage.
The orc warrior is severely wounded.
The orc warrior hits you with a +0 scimitar!
* * * LOW HITPOINT WARNING * * *
Okay, then.
The orc warrior hits you with a +0 scimitar.
* * * LOW HITPOINT WARNING * * *
You see here a +0 flail of holy wrath.
Really quaff the potion of lignification?
You turn into a tree.
Your +2 pair of gloves melds into your body.
Your +0 chain mail melds into your body.
Your roots penetrate the ground.
The orc warrior hits you with a +0 scimitar!
* * * LOW HITPOINT WARNING * * *
You hit the orc warrior but do no damage.
The orc warrior is severely wounded.
The orc warrior hits you with a +0 scimitar!
* * * LOW HITPOINT WARNING * * *
You hit the orc warrior but do no damage.
The orc warrior is severely wounded.
The orc warrior hits you but does no damage.
You hit the orc warrior.
The orc warrior is almost dead.
The orc warrior hits you but does no damage.
You closely miss the orc warrior.
The orc warrior is almost dead.
The orc warrior hits you with a +0 scimitar!
You die...

..... ...
#...###.#
#....##.#
#....##.#
#....##.#
#.....#.#
#..)#)#)#
#...#)o.####.##
######.♣.......
#..####.## #..#
#.># #....#
#....# #....#
#....# ##.###


You could see an orc warrior.

Vanquished Creatures
  Sigmund (D:1)
  2 black bears
  3 ogres
  2 phantoms
  2 scorpions
  Dowan (D:5)
  A centaur zombie (D:4)
  A jelly (D:5)
  2 centaur skeletons (D:5)
  4 orc priests
  3 orc wizards
  A howler monkey zombie (D:5)
  6 adders
  A white imp (D:4)
  A worm (D:2)
  2 dart slugs
  18 orcs
  7 ball pythons
  4 bats
  7 endoplasms
  A giant cockroach (D:2)
  8 goblins
  5 hobgoblins
  5 jackals (D:1)
  3 quokkas
  3 frilled lizards
  8 kobolds
  3 rats
105 creatures vanquished.

Vanquished Creatures (collateral kills)
  3 orcs (D:4)
3 creatures vanquished.

Vanquished Creatures (others)
  A wyvern skeleton (D:4)
  A hound (D:4)
  An orc priest (D:4)
  2 orcs (D:4)
5 creatures vanquished.

Grand Total: 113 creatures vanquished

Notes
Turn   | Place    | Note
-------+----------+-------------------------------------------
     0 | D:1      | cbfl8 the Minotaur Fighter began the quest for the Orb.
     0 | D:1      | Reached XP level 1. HP: 19/19 MP: 0/0
   214 | D:1      | Reached XP level 2. HP: 23/27 MP: 1/1
   801 | D:2      | Noticed Sigmund
   804 | D:2      | Reached XP level 3. HP: 33/33 MP: 2/2
  1164 | D:1      | Killed Sigmund
  1165 | D:1      | Reached skill level 3 in Axes
  1165 | D:1      | Reached skill level 1 in Evocations
  1165 | D:1      | Reached XP level 4. HP: 39/41 MP: 3/3
  1165 | D:1      | Reached XP level 5. HP: 44/47 MP: 4/4
  1367 | D:2      | Reached skill level 5 in Armour
  1368 | D:2      | Reached skill level 4 in Axes
  1673 | D:2      | Found a runed translucent door.
  1674 | D:2      | Noticed Crazy Yiuf
  1998 | D:3      | Found a faded altar of an unknown god.
  2054 | D:3      | Reached XP level 6. HP: 53/53 MP: 5/5
  2356 | D:3      | Found a glowing silver altar of Zin.
  2356 | D:3      | Noticed an angel
  2374 | D:3      | Found a snail-covered altar of Cheibriados.
  2502 | D:3      | Identified a scroll of acquirement
  2506 | D:3      | Acquired 620 gold pieces
  3166 | D:4      | Reached skill level 5 in Axes
  3371 | D:3      | Reached skill level 5 in Fighting
  3705 | D:4      | Reached XP level 7. HP: 61/61 MP: 6/6
  3725 | D:4      | Found Wudwid's Jewellery Shoppe.
  4445 | D:4      | Reached skill level 6 in Axes
  4736 | D:5      | Entered Level 5 of the Dungeon
  4738 | D:5      | Noticed Duvessa
  4740 | D:5      | Noticed Dowan
  5708 | D:4      | Reached XP level 8. HP: 69/69 MP: 7/7
  5717 | D:5      | Reached skill level 5 in Shields
  5721 | D:5      | Reached skill level 7 in Axes
  6422 | D:5      | Killed Dowan
  6703 | D:5      | You fall into a shaft and drop 2 floors!
  6865 | D:6      | Slain by an orc warrior

Illustrated notes

Levels and vault maps discovered:
D:1:      dpeg_arrival_arbitrary_b, layout_rooms, grunt_decor_one_mirror
D:2:      layout_basic, uniq_sigmund, uniq_crazy_yiuf_cottage
D:3:      layout_basic, lemuel_crystal_altar, zin_angel,
          shapermc_ecumenical_altar_mp_ritualfount
D:4:      layout_basic, serial_shops, nicolae_shop_stone
D:5:      layout_rooms, minmay_between, uniq_duvessa
D:6:      layout_basic, mainiacjoe_overflow_24_doors, mainiacjoe_overflow_swirl
D:7:      layout_basic, kennysheep_okawaru_gauntlet,
          minmay_temple_entry_junction_2, serial_rivers,
          chequers_serial_rivers_small_b, chequers_serial_rivers_marsh,
          chequers_serial_rivers_marsh, chequers_serial_rivers_marsh

Skill      XL: |  1  2  3  4  5  6  7  8 |
---------------+-------------------------+-----
Fighting       | 4 5 6 |  6.0
Shields        | 4 5 |  5.2
Armour         | 4 5 6 |  6.9
Axes           | 3 4 5 6 7 |  7.8
Evocations     | 1 2 3 4 |  4.0

Action                   |  1- 3 |  4- 6 |  7- 9 || total
-------------------------+-------+-------+-------++-------
Melee: War axe           |    68 |   124 |   122 ||   314
       Headbutt          |     7 |    15 |    21 ||    43
Evoke: Wand              |       |       |     8 ||     8
  Use: Potion            |     2 |     2 |     7 ||    11
       Scroll            |       |     4 |     4 ||     8
Armor: Scale mail        |    54 |    81 |    15 ||   150
       Chain mail        |       |       |    59 ||    59
       Skin              |       |       |    16 ||    16
Dodge: Dodged            |    33 |    74 |    52 ||   159
Block: Buckler           |    26 |    24 |    37 ||    87
